 Dungeon Crawl Stone Soup version 0.30-b1-2-g02819fbbbe (webtiles) character file.

Game seed: 7475188914355487169

16013 LLlMATKO the Cleaver (level 12, -6/110 HPs)
             Began as a Minotaur Berserker on May 26, 2023.
             Was a High Priest of Trog.
             Succumbed to Nessos's poison
             ... on level 13 of the Dungeon.
             The game lasted 00:10:02 (12503 turns).

LLlMATKO the Cleaver (Minotaur Berserker)          Turns: 12503, Time: 00:10:03

Health: -6/110     AC: 17    Str: 28    XL:     12   Next: 6%
Magic:  20/20      EV: 12    Int:  4    God:    Trog [*****.]
Gold:   706        SH: 12    Dex: 18    Spells: 11/11 levels left

rFire   + + .        w - +3 broad axe "Duwoyk" {elec, rElec SInv Stlth-}
rCold   + . .        C - +0 kite shield
rNeg    . . .        V - +0 plate armour of Beyond {Fly MP+9 Str+3 Slay+3}
rPois   .            S - +2 hat {Will+}
rElec   +            L - scarf {rC+ rF+}
rCorr   .            (no gloves)
SInv    +            (no boots)
Will    +....        (no amulet) Stlth
                     y - ring of protection from fire
HPRegen 0.38/turn    M - +6 ring of dexterity
MPRegen 0.17/turn

%: no passive effects
@: lethally poisoned (-6 -> -31), on berserk cooldown, flying, slowed, very slow
A: horns 2, retaliatory headbutt
a: Renounce Religion, Berserk, Trog's Hand, Brothers in Arms


You were on level 13 of the Dungeon.
You worshipped Trog.
Trog was extremely pleased with you.
You visited 1 branch of the dungeon, and saw 13 of its levels.

You collected 706 gold pieces.

Inventory:

Hand Weapons
 w - the +3 broad axe "Duwoyk" (weapon) {elec, rElec SInv Stlth-}
   (You found it on level 5 of the Dungeon)

   rElec:     It insulates you from electricity.
   SInv:      It lets you see invisible.
   Stlth:     It makes you less stealthy.
Missiles
 d - 15 poisoned darts (quivered)
 f - 6 boomerangs
 t - 4 atropa-tipped darts
 G - 6 curare-tipped darts
 P - 2 datura-tipped darts
Armour
 C - a +0 kite shield (worn)
 L - a scarf of resistance (worn)
 Q - a +2 ring mail of poison resistance
 R - +0 fire dragon scales
 S - a +2 hat of willpower (worn)
 V - the +0 plate armour of Beyond (worn) {Fly MP+9 Str+3 Slay+3}
   (You found it on level 12 of the Dungeon)

   Str:       It affects your strength (+3).
   Slay:      It affects your accuracy & damage with ranged weapons and melee
   (+3).
   MP:        It affects your magic capacity (+9).
   Fly:       It grants you flight.
Jewellery
 y - a ring of protection from fire (left hand)
 M - a +6 ring of dexterity (right hand)
Wands
 x - a wand of paralysis (17)
 D - a wand of iceblast (10)
 J - a wand of flame (53)
 K - a wand of light (4)
 N - a wand of mindburst (7)
Scrolls
 c - a scroll of silence {unknown}
 e - 8 scrolls of teleportation {unknown}
 h - 4 scrolls of enchant armour {unknown}
 i - 4 scrolls of noise {unknown}
 k - 18 scrolls of identify {unknown}
 l - 2 scrolls of immolation {unknown}
 m - 3 scrolls of fog {unknown}
 o - 2 scrolls of enchant weapon {unknown}
 r - 2 scrolls of torment {unknown}
 s - a scroll of brand weapon {unknown}
 B - 2 scrolls of blinking {unknown}
 E - a scroll of magic mapping {unknown}
 H - 2 scrolls of amnesia {unknown}
 O - a scroll of poison {unknown}
 T - 3 scrolls of fear {unknown}
Potions
 a - a potion of degeneration {unknown}
 b - 5 potions of heal wounds {unknown}
 g - 4 potions of attraction {unknown}
 j - 2 potions of berserk rage
 n - 6 potions of curing
 p - a potion of cancellation {unknown}
 q - a potion of flight {unknown}
 u - 4 potions of mutation {unknown}
 v - a potion of invisibility
 z - 2 potions of ambrosia {unknown}
 A - 2 potions of lignification {unknown}
 F - 4 potions of magic {unknown}
 U - a potion of might {unknown}


   Skills:
 + Level 11.3 Fighting
 + Level 11.3 Axes
 + Level 11.0 Armour
 + Level 10.0 Dodging
 + Level 10.4 Shields


You had 11 spell levels left.
You didn't know any spells.
Your spell library was empty.

Dungeon Overview and Level Annotations

Branches:
Dungeon (13/15)            Temple (0/1) D:7            Lair (0/5) D:10
    Orc (0/2) D:9
 Vaults: D:13-14

Altars:
Ashenzari
Cheibriados
Elyvilon
Hepliaklqana
Sif Muna
Wu Jian
Zin
The Shining One

Shops:
D:6 [   D:7 (   D:10 :

Annotations:
D:13 Nessos


Innate Abilities, Weirdness & Mutations

You have a pair of horns on your head.
You reflexively headbutt those who attack you in melee.


Message History

Nessos shoots an arrow.
You block the arrow.
Nessos shoots an arrow.
The arrow hits you.
You are more poisoned.
You feel your anger nearly subside.
You feel very sick.
Nessos shoots an arrow.
The arrow misses you.
You are no longer berserk.
You are exhausted.
You feel yourself slow down.
You feel very sick.
Nessos unwields a +2 longbow of flaming.
It stops flaming.
Nessos hits you but does no damage. You block Nessos's attack.
You slash Nessos!
Nessos is moderately wounded.
You feel extremely sick. You block Nessos's attack.
Nessos kicks you but does no damage. Nessos hits you but does no damage.
Nessos kicks you but does no damage. Nessos hits you.
* * * LOW HITPOINT WARNING * * *
You block Nessos's attack.
Nessos gestures wildly while chanting.
Nessos blinks!
You feel very sick.
Nessos wields a +2 longbow of flaming.
It bursts into flame!
Nessos shoots an arrow.
You block the arrow.
Nessos shoots an arrow.
The arrow hits you!
* * * LOW HITPOINT WARNING * * *
You are lethally poisoned!
Nessos shoots an arrow.
The arrow closely misses you.
You see here 18 gold pieces.
* * * LOW HITPOINT WARNING * * *
You feel extremely sick.
Nessos shoots an arrow.
The arrow closely misses you.
Nessos shoots an arrow.
You block the arrow.
Nessos unwields a +2 longbow of flaming.
It stops flaming.
Nessos barely misses you. Nessos completely misses you.
You slash Nessos! Lightning courses through Nessos!
Nessos is heavily wounded.
You die...

#.#.# #.#.## #
#....## #.#
##.....#####.. .#
#.......#... ....
#. #.......##....#
#...
##...........#
#..#.....$.##.....
#.....c@#.### .##
##...<.........
............#####
#############


You could see Nessos (fast).

Vanquished Creatures
  A boulder beetle (D:12)
  A two-headed ogre (D:12)
  Pikel (D:7)
  3 ugly things (D:12)
  2 deep elf zephyrmancers (D:11)
  A cyclops (D:11)
  A manticore (D:12)
  Maggie (D:6)
  An unseen horror (D:12)
  A komodo dragon (D:10)
  4 trolls
  4 slime creatures (D:12)
  The ghost of Thantalas the Digger, an amateur GrEE of Vehumet (D:3)
  A wraith (D:12)
  27 yaks
  A steam dragon (D:8)
  4 vampire mosquitoes (D:9)
  Edmund (D:5)
  3 acid dragons
  A water moccasin (D:7)
  A swamp drake (D:11)
  A sky beast (D:7)
  2 orc warriors
  3 black bears
  2 ogres (D:5)
  A centaur (D:7)
  A phantom (D:6)
  2 lemures (D:7)
  A kobold brigand (D:8)
  Blork the orc (D:6)
  2 bullfrogs
  3 scorpions
  12 wights
  11 killer bees
  3 howler monkeys
  An electric eel (D:10)
  A crimson imp (D:11)
  A jelly (D:7)
  7 orc priests
  3 hounds
  2 sleepcaps
  2 iron imps
  15 orc wizards
  Natasha (thrice) (D:4)
  An iguana (D:6)
  6 adders
  8 gnolls
  A shadow imp (D:11)
  3 white imps
  An ufetubus (D:7)
  A dart slug (D:3)
  3 worms
  40 orcs
  5 ball pythons
  7 bats
  5 endoplasms
  5 giant cockroaches
  6 goblins
  7 hobgoblins
  3 quokkas
  2 frilled lizards (D:1)
  13 kobolds
  5 rats
263 creatures vanquished.

Vanquished Creatures (others)
  An orc (D:8)
  7 fungi (D:2)
  57 plants
  4 toadstools (D:2)
69 creatures vanquished.

Grand Total: 332 creatures vanquished

Notes
Turn   | Place    | Note
-------+----------+-------------------------------------------
     0 | D:1      | LLlMATKO the Minotaur Berserker began the quest for the
                  | Orb.
     0 | D:1      | Reached XP level 1. HP: 19/19 MP: 0/0
    66 | D:1      | Found a faded altar of an unknown god.
    69 | D:1      | Reached XP level 2. HP: 25/27 MP: 1/1
   574 | D:1      | Reached ** piety under Trog
   906 | D:2      | Reached XP level 3. HP: 32/33 MP: 2/2
  1374 | D:2      | Reached XP level 4. HP: 25/40 MP: 3/3
  1375 | D:2      | Reached skill level 1 in Shields
  1929 | D:3      | Found a runed translucent door.
  1972 | D:3      | Found a glowing silver altar of Zin.
  2333 | D:3      | Found a white marble altar of Elyvilon.
  2335 | D:3      | You fall into a shaft and drop 2 floors!
  2335 | D:5      | Entered Level 5 of the Dungeon
  2349 | D:5      | Noticed an ogre
  2356 | D:5      | Reached XP level 5. HP: 47/47 MP: 4/4
  2356 | D:5      | Killed an ogre
  2436 | D:5      | Identified the +3 broad axe "Duwoyk" {elec, rElec SInv
                  | Stlth-}
  2446 | D:5      | Noticed an ogre
  2451 | D:5      | Killed an ogre
  2452 | D:5      | Reached skill level 5 in Fighting
  2452 | D:5      | Reached skill level 5 in Axes
  2452 | D:5      | Reached XP level 6. HP: 15/56 MP: 5/5
  2684 | D:4      | Noticed Natasha
  2692 | D:4      | Killed Natasha
  2701 | D:4      | Reached XP level 7. HP: 15/61 MP: 6/6
  2898 | D:3      | Found a shimmering blue altar of Sif Muna.
  3103 | D:3      | Reached skill level 5 in Armour
  3489 | D:3      | Noticed Thantalas's ghost (amateur GrEE)
  3497 | D:3      | Killed Thantalas's ghost
  3611 | D:4      | Noticed Natasha
  3614 | D:4      | Killed Natasha
  3685 | D:4      | Reached skill level 5 in Dodging
  3693 | D:4      | Reached XP level 8. HP: 70/70 MP: 7/7
  3763 | D:4      | Reached *** piety under Trog
  3763 | D:4      | Noticed Natasha
  3770 | D:4      | Killed Natasha
  3959 | D:4      | Found an ornate altar of the Wu Jian Council.
  4491 | D:5      | Noticed Edmund
  4497 | D:5      | Killed Edmund
  4686 | D:6      | Noticed Blork the orc
  4694 | D:6      | Killed Blork the orc
  4748 | D:6      | Found Maet's Armour Shoppe.
  4799 | D:6      | Reached skill level 5 in Shields
  5042 | D:6      | Reached XP level 9. HP: 76/76 MP: 8/8
  5313 | D:6      | Noticed Maggie
  5323 | D:6      | Killed Maggie
  5660 | D:7      | Noticed Pikel
  5665 | D:7      | Killed Pikel
  5893 | D:7      | Found Wiefoz's Antique Weapon Shop.
  5951 | D:7      | Found a staircase to the Ecumenical Temple.
  5963 | D:7      | Found a broken altar of Ashenzari.
  6230 | D:7      | Identified the +2 leather armour of Dust Devil {rF+ Will+
                  | Str+3 Int-4}
  6391 | D:7      | Reached **** piety under Trog
  6794 | D:8      | Found a snail-covered altar of Cheibriados.
  6917 | D:8      | Reached XP level 10. HP: 15/90 MP: 9/9
  6919 | D:8      | HP: 2/135 [orc warrior/+0 flail (8)]
  7239 | D:8      | Found a large runed translucent door.
  7243 | D:8      | Found a large runed translucent door.
  7560 | D:8      | Found a hazy altar of Hepliaklqana.
  7563 | D:8      | Found a glowing golden altar of the Shining One.
  7754 | D:9      | Found a staircase to the Orcish Mines.
  8333 | D:10     | Entered Level 10 of the Dungeon
  8534 | D:10     | Found a staircase to the Lair.
  8718 | D:10     | Found Sila's Self-Improvement Boutique.
  8910 | D:10     | Reached ***** piety under Trog
  8962 | D:10     | Reached XP level 11. HP: 81/99 MP: 10/10
  8965 | D:10     | Reached skill level 10 in Fighting
  8965 | D:10     | Reached skill level 10 in Axes
  9996 | D:11     | Noticed a deep elf zephyrmancer
  9998 | D:11     | Killed a deep elf zephyrmancer
  9999 | D:11     | Reached skill level 10 in Armour
 10001 | D:11     | Noticed a deep elf zephyrmancer
 10003 | D:11     | Killed a deep elf zephyrmancer
 10887 | D:12     | Noticed a boulder beetle
 10900 | D:12     | Killed a boulder beetle
 11290 | D:12     | Noticed a green ugly thing
 11300 | D:12     | Killed a green ugly thing
 11301 | D:12     | Reached skill level 10 in Shields
 11326 | D:12     | Noticed a two-headed ogre
 11336 | D:12     | Killed a two-headed ogre
 11585 | D:12     | Reached skill level 10 in Dodging
 11586 | D:12     | Reached XP level 12. HP: 50/110 MP: 11/11
 11864 | D:12     | Identified the +0 plate armour of Beyond {Fly MP+9 Str+3
                  | Slay+3}
 12054 | D:13     | Noticed Nessos
 12502 | D:13     | HP: 2/110 [poisoned by Nessos]
 12503 | D:13     | Succumbed to Nessos's poison

Illustrated notes

Levels and vault maps discovered:
D:1:      kennysheep_arrival_forest, layout_basic, ebering_ecumenical_altar_box,
          minivault_14, kennysheep_flooded_box
D:2:      layout_loops_corners, minmay_gold_behind_fungi,
          minmay_misc_feat_tower, item_on_display_a
D:3:      layout_basic, nicolae_elyvilon_temple_path, lemuel_doored_altar,
          zin_statuary, ebering_ghost_reflecting_pool, roderic_roman_lattice
D:4:      layout_cave_pools, mainiacjoe_overflow_six_doors_small, uniq_natasha
D:5:      layout_basic, uniq_edmund
D:6:      layout_basic, serial_shops, nicolae_shop_advertising_works
          [nicolae_subvault_shop_adworks], uniq_blork_the_orc, uniq_maggie
D:7:      layout_gridville, mainiacjoe_overflow_boulevard,
          minmay_temple_entry_water_ring, serial_shops,
          nicolae_shop_statue_plus, uniq_pikel
D:8:      layout_basic, chei_slow_surprise, jmf_multi_god_temple2,
          minmay_misc_feat_chi
D:9:      layout_basic, orc_0_dummy
D:10:     layout_roguey, david_lair_shrubbed, serial_bayou_pond_d,
          nicolae_shop_self_help
D:11:     layout_stronghold, hangedman_minor_magic
D:12:     layout_cave_pools
D:13:     minmay_gate_of_8, layout_loops_ring, ximxim_vaults_locker_room,
          uniq_nessos

Skill      XL: |  1  2  3  4  5  6  7  8  9 10 11 12 |
---------------+-------------------------------------+-----
Axes           | 4 5 6 7 8 9 11 | 11.3
Fighting       | 4 5 6 7 8 9 11 | 11.3
Armour         | 3 4 5 6 8 9 10 11 | 11.0
Dodging        | 3 4 5 6 7 8 10 | 10.0
Shields        | 1 2 3 4 5 7 8 10 | 10.4

Action                     |  1- 3 |  4- 6 |  7- 9 | 10-12 || total
---------------------------+-------+-------+-------+-------++-------
  Melee: Hand axe          |    71 |    33 |       |       ||   104
         Headbutt          |     3 |     7 |    28 |    84 ||   122
         Punch             |     1 |       |       |       ||     1
         Broad axe         |       |    24 |   193 |   329 ||   546
  Throw: Dart              |       |       |     4 |     5 ||     9
 Invoke: Berserk           |     1 |     3 |     7 |     8 ||    19
         Trog's Hand       |       |       |     1 |       ||     1
 Armour: Animal skin       |    13 |     6 |       |       ||    19
         Chain mail        |       |    13 |    73 |     6 ||    92
         Plate armour      |       |       |       |    95 ||    95
  Dodge: Dodged            |    44 |    40 |    78 |   104 ||   266
  Block: Buckler           |       |    11 |    15 |       ||    26
         Kite shield       |       |       |    62 |   152 ||   214
